TOP OF THE 1ST |
Vermont Lake Monsters batting - Pitching for Santa Barbara Golden Cranes : LHP Shunen Takahashi
|
Pitching: LHP Shunen Takahashi
|
|
Batting: RHB Keith Fish
|
0-0: Ball 1-0: Called Strike 1-1: Fly out, F9 (Flyball, 89S)
|
Batting: RHB Brent Barlow
|
0-0: Ball 1-0: Ball 2-0: Swinging Strike 2-1: Ball 3-1: Base on Balls
|
Batting: RHB Ray John
|
0-0: Ball 1-0: Foul Ball, location: 2F 1-1: Ball 2-1: Ball 3-1: Called Strike 3-2: Base on Balls Brent Barlow to second
|
Batting: RHB Craig Stewart
|
0-0: Foul Ball, location: 2F 0-1: Swinging Strike 0-2: Ball 1-2: Grounds out, U3 (Groundball, 3L) Brent Barlow to third
|
Batting: RHB Carlos Padilla
|
0-0: Swinging Strike 0-1: Swinging Strike 0-2: Foul Ball, location: 2F 0-2: Ground out 6-3 (Groundball, 6)
|
Top of the 1st over - 0 run(s), 0 hit(s), 0 error(s), 2 left on base; Vermont 0 - Santa Barbara 0 |
BOTTOM OF THE 1ST |
Santa Barbara Golden Cranes batting - Pitching for Vermont Lake Monsters : RHP Ted Thompson
|
Pitching: RHP Ted Thompson
|
|
Batting: RHB Ángel López
|
0-0: Called Strike 0-1: Foul Ball, location: 2F 0-2: Fly out, F5 (Line Drive, 56)
|
Batting: RHB Kyle Dempsey
|
0-0: Called Strike 0-1: Ball 1-1: Ball 2-1: Foul Ball, location: 2F 2-2: Fly out, F9 (Popup, 34D)
|
Batting: LHB Sinclair van Kooten
|
0-0: Ball 1-0: Ball 2-0: Swinging Strike 2-1: Swinging Strike 2-2: Ball 3-2: SINGLE (Line Drive, 34D)
|
Batting: LHB Takahiro Harada
|
0-0: Ball 1-0: Called Strike 1-1: Foul Ball, location: 2F 1-2: Ground out 3-1 (Groundball, 34)
|
Bottom of the 1st over - 0 run(s), 1 hit(s), 0 error(s), 1 left on base; Vermont 0 - Santa Barbara 0 |
TOP OF THE 2ND |
Vermont Lake Monsters batting - Pitching for Santa Barbara Golden Cranes : LHP Shunen Takahashi
|
Batting: LHB Reijiro Sato
|
0-0: Ground out 4-3 (Groundball, 4M)
|
Batting: RHB Albert Díaz
|
0-0: Foul Ball, location: 2F 0-1: Ball 1-1: Called Strike 1-2: Strikes out swinging
|
Batting: RHB Fernando Castro
|
0-0: Foul Ball, location: 2F 0-1: Ball 1-1: Ball 2-1: Called Strike 2-2: Foul Ball, location: 2F 2-2: Foul Ball, location: 2F 2-2: Strikes out swinging
|
Top of the 2nd over - 0 run(s), 0 hit(s), 0 error(s), 0 left on base; Vermont 0 - Santa Barbara 0 |
BOTTOM OF THE 2ND |
Santa Barbara Golden Cranes batting - Pitching for Vermont Lake Monsters : RHP Ted Thompson
|
Batting: SHB Shojiro Kimura
|
0-0: Ball 1-0: Swinging Strike 1-1: Foul Ball, location: 2F 1-2: Fly out, F2 (Popup, 2LF)
|
Batting: LHB Chris McKinney
|
0-0: Fly out, F8 (Flyball, 8RM)
|
Batting: RHB John Aston
|
0-0: Called Strike 0-1: Ball 1-1: Swinging Strike 1-2: Ball 2-2: Fly out, F3 (Popup, 3F)
|
Bottom of the 2nd over - 0 run(s), 0 hit(s), 0 error(s), 0 left on base; Vermont 0 - Santa Barbara 0 |
TOP OF THE 3RD |
Vermont Lake Monsters batting - Pitching for Santa Barbara Golden Cranes : LHP Shunen Takahashi
|
Batting: RHB Ricardo Pacheco
|
0-0: Ball 1-0: Ball 2-0: Swinging Strike 2-1: Foul Ball, location: 2F 2-2: Fly out, F2 (Popup, 2LF)
|
Batting: RHB Keith Fish
|
0-0: Ball 1-0: Swinging Strike 1-1: Swinging Strike 1-2: Ball 2-2: Foul Ball, location: 2F 2-2: SINGLE (Line Drive, 7LS)
|
Batting: RHB Brent Barlow
|
0-0: Ball 1-0: Called Strike 1-1: Ball 2-1: Called Strike 2-2: Foul Ball, location: 2F 2-2: Fly out, F7 (Flyball, 78S)
|
Batting: RHB Ray John
|
0-0: SINGLE (Line Drive, 56) Keith Fish to second
|
Batting: RHB Craig Stewart
|
0-0: Called Strike 0-1: Ball 1-1: Foul Ball, location: 2F 1-2: Ground out 6-3 (Groundball, 6)
|
Top of the 3rd over - 0 run(s), 2 hit(s), 0 error(s), 2 left on base; Vermont 0 - Santa Barbara 0 |
BOTTOM OF THE 3RD |
Santa Barbara Golden Cranes batting - Pitching for Vermont Lake Monsters : RHP Ted Thompson
|
Batting: LHB Marvin von Seydlitz
|
0-0: Ground out 1-3 (Groundball, 13S)
|
Batting: RHB José Mata
|
0-0: Ball 1-0: Ball 2-0: Foul Ball, location: 2F 2-1: SINGLE (Line Drive, 78M)
|
Batting: RHB Ángel López
|
0-0: Called Strike 0-1: Foul Ball, location: 2F 0-2: Ball 1-2: Fielders Choice at 2nd, U6 (Groundball, 6M)
|
Batting: RHB Kyle Dempsey
|
0-0: Called Strike 0-1: Ball 1-1: Ball 2-1: Fly out, F9 (Line Drive, 89S)
|
Bottom of the 3rd over - 0 run(s), 1 hit(s), 0 error(s), 1 left on base; Vermont 0 - Santa Barbara 0 |
TOP OF THE 4TH |
Vermont Lake Monsters batting - Pitching for Santa Barbara Golden Cranes : LHP Shunen Takahashi
|
Batting: RHB Carlos Padilla
|
0-0: SINGLE (Groundball, 34)
|
Batting: LHB Reijiro Sato
|
0-0: Called Strike 0-1: Called Strike 0-2: Ball 1-2: Grounds into double play, 4-6-3 (Groundball, 34)
|
Batting: RHB Albert Díaz
|
0-0: Fly out, F3 (Popup, 3DF)
|
Top of the 4th over - 0 run(s), 1 hit(s), 0 error(s), 0 left on base; Vermont 0 - Santa Barbara 0 |
BOTTOM OF THE 4TH |
Santa Barbara Golden Cranes batting - Pitching for Vermont Lake Monsters : RHP Ted Thompson
|
Batting: LHB Sinclair van Kooten
|
0-0: Foul Ball, location: 2F 0-1: Swinging Strike 0-2: Ball 1-2: Strikes out looking
|
Batting: LHB Takahiro Harada
|
0-0: Ball 1-0: Ball 2-0: Foul Ball, location: 2F Reached via error on a dropped throw, E1
|
Batting: SHB Shojiro Kimura
|
0-0: Called Strike 0-1: Ball 1-1: Foul Ball, location: 2F 1-2: Fly out, F8 (Flyball, 8LM)
|
Batting: LHB Chris McKinney
|
0-0: Called Strike 0-1: Foul Ball, location: 2F 0-2: Ball 1-2: Ball 2-2: Foul Ball, location: 2F 2-2: Strikes out swinging
|
Bottom of the 4th over - 0 run(s), 0 hit(s), 1 error(s), 1 left on base; Vermont 0 - Santa Barbara 0 |
TOP OF THE 5TH |
Vermont Lake Monsters batting - Pitching for Santa Barbara Golden Cranes : LHP Shunen Takahashi
|
Batting: RHB Fernando Castro
|
0-0: Ball 1-0: Called Strike 1-1: Called Strike 1-2: Ball 2-2: Ball 3-2: Base on Balls
|
Batting: RHB Ricardo Pacheco
|
0-0: Called Strike 0-1: Bunt missed! 0-2: Ball 1-2: Foul Ball, location: 2F 1-2: Strikes out looking
|
Batting: RHB Keith Fish
|
0-0: Ball 1-0: Called Strike 1-1: Called Strike 1-2: Ball 2-2: Foul Ball, location: 2F 2-2: Reached on error, E2 (Groundball, 25) Fernando Castro to third
|
Batting: RHB Brent Barlow
|
0-0: Called Strike 0-1: Called Strike 0-2: Foul Ball, location: 2F 0-2: Foul Ball, location: 2F 0-2: Foul Ball, location: 2F 0-2: Foul Ball, location: 2F 0-2: Fly out, F7 (Popup, 56D)
|
Batting: RHB Ray John
|
0-0: Foul Ball, location: 2F 0-1: Ball 1-1: Called Strike 1-2: Strikes out looking
|
Top of the 5th over - 0 run(s), 0 hit(s), 1 error(s), 2 left on base; Vermont 0 - Santa Barbara 0 |
BOTTOM OF THE 5TH |
Santa Barbara Golden Cranes batting - Pitching for Vermont Lake Monsters : RHP Ted Thompson
|
Batting: RHB John Aston
|
0-0: SINGLE (Line Drive, 78S)
|
Batting: LHB Marvin von Seydlitz
|
0-0: Foul Ball, location: 2F 0-1: Swinging Strike 0-2: Strikes out swinging
|
Batting: RHB José Mata
|
0-0: SINGLE (Flyball, 8RS) John Aston to second
|
Batting: RHB Ángel López
|
0-0: Ball 1-0: SINGLE (Line Drive, 89S) John Aston to third José Mata to second
|
Batting: RHB Kyle Dempsey
|
0-0: Ball 1-0: Ball 2-0: Ball 3-0: Base on Balls John Aston scores José Mata to third Ángel López to second
|
Batting: LHB Sinclair van Kooten
|
0-0: Called Strike 0-1: Ball 1-1: SINGLE (Line Drive, 34) José Mata scores Ángel López to third Kyle Dempsey to second
|
Batting: LHB Takahiro Harada
|
0-0: Foul Ball, location: 2F 0-1: Ball 1-1: Called Strike 1-2: Ball 2-2: Ball 3-2: Base on Balls Ángel López scores Kyle Dempsey to third Sinclair van Kooten to second
|
Batting: SHB Shojiro Kimura
|
0-0: Swinging Strike 0-1: Ground out 4-3 (Groundball, 4M) Kyle Dempsey scores Sinclair van Kooten to third Takahiro Harada to second
|
Batting: LHB Chris McKinney
|
0-0: Fly out, F3 (Line Drive, 34)
|
Bottom of the 5th over - 4 run(s), 4 hit(s), 0 error(s), 2 left on base; Vermont 0 - Santa Barbara 4 |
TOP OF THE 6TH |
Vermont Lake Monsters batting - Pitching for Santa Barbara Golden Cranes : LHP Shunen Takahashi
|
Batting: RHB Craig Stewart
|
0-0: Ball 1-0: Ground out 1-3 (Groundball, 13S)
|
Batting: RHB Carlos Padilla
|
0-0: Called Strike 0-1: DOUBLE (Groundball, 3L)
|
Batting: LHB Reijiro Sato
|
0-0: Ball 1-0: Swinging Strike 1-1: Foul Ball, location: 2F 1-2: Strikes out swinging
|
Batting: RHB Albert Díaz
|
0-0: Foul Ball, location: 2F 0-1: Foul Ball, location: 2F 0-2: Ball 1-2: Foul Ball, location: 2F 1-2: Ball 2-2: Ball 3-2: Foul Ball, location: 2F 3-2: Base on Balls
|
Batting: RHB Fernando Castro
|
0-0: Ball 1-0: Called Strike 1-1: DOUBLE (Groundball, 5L) Carlos Padilla scores Albert Díaz to third Runner from 3rd tries for Home, SAFE, no throw or cutoff
|
Pitching: RHP Luis Oliva
|
|
Batting: RHB Ricardo Pacheco
|
0-0: Foul Ball, location: 2F 0-1: Ball 1-1: Called Strike 1-2: Strikes out swinging
|
Top of the 6th over - 2 run(s), 2 hit(s), 0 error(s), 1 left on base; Vermont 2 - Santa Barbara 4 |
BOTTOM OF THE 6TH |
Santa Barbara Golden Cranes batting - Pitching for Vermont Lake Monsters : RHP Ted Thompson
|
Batting: RHB John Aston
|
0-0: Foul Ball, location: 2F 0-1: Ball 1-1: Foul Ball, location: 2F 1-2: Ball 2-2: Ground out 4-3 (Groundball, 4)
|
Batting: LHB Marvin von Seydlitz
|
0-0: Ball 1-0: Ball 2-0: Foul Ball, location: 2F 2-1: Fly out, F8 (Flyball, 8RD)
|
Batting: RHB José Mata
|
0-0: Called Strike 0-1: Ball 1-1: DOUBLE (Flyball, 89M)
|
Batting: RHB Ángel López
|
0-0: Ball Wild Pitch! José Mata to third 1-0: Ball 2-0: Called Strike 2-1: Called Strike 2-2: DOUBLE (Flyball, 78XD) José Mata scores
|
Batting: RHB Kyle Dempsey
|
0-0: Ball 1-0: Called Strike 1-1: Foul Ball, location: 2F 1-2: Fly out, F8 (Flyball, 8LM)
|
Bottom of the 6th over - 1 run(s), 2 hit(s), 0 error(s), 1 left on base; Vermont 2 - Santa Barbara 5 |
TOP OF THE 7TH |
Vermont Lake Monsters batting - Pitching for Santa Barbara Golden Cranes : RHP Luis Oliva
|
Batting: RHB Keith Fish
|
0-0: Fly out, F6 (Line Drive, 6)
|
Batting: RHB Brent Barlow
|
0-0: Called Strike 0-1: Foul Ball, location: 2F 0-2: Ball 1-2: Ball 2-2: Strikes out swinging
|
Batting: RHB Ray John
|
0-0: Foul Ball, location: 2F 0-1: Swinging Strike 0-2: SOLO HOME RUN (Flyball, 7LD), Distance : 374 ft
|
Batting: RHB Craig Stewart
|
0-0: Ball 1-0: Ground out 4-3 (Groundball, 4)
|
Top of the 7th over - 1 run(s), 1 hit(s), 0 error(s), 0 left on base; Vermont 3 - Santa Barbara 5 |
BOTTOM OF THE 7TH |
Santa Barbara Golden Cranes batting - Pitching for Vermont Lake Monsters : RHP Ted Thompson
|
Batting: LHB Sinclair van Kooten
|
0-0: Foul Ball, location: 2F 0-1: Foul Ball, location: 2F 0-2: Ball 1-2: Ball 2-2: SINGLE (Flyball, 8LM)
|
Pitching: RHP Alberto Robles
|
|
Batting: LHB Takahiro Harada
|
0-0: Called Strike 0-1: Foul Ball, location: 2F 0-2: Ball 1-2: Ball 2-2: SINGLE (Groundball, 25) (infield hit) Sinclair van Kooten to second
|
Batting: SHB Shojiro Kimura
|
0-0: Ball 1-0: Foul Ball, location: 2F 1-1: Swinging Strike 1-2: Foul Ball, location: 2F 1-2: Foul Ball, location: 2F 1-2: Grounds into double play, 1-4-3 (Groundball, 15) Sinclair van Kooten to third
|
Batting: LHB Chris McKinney
|
0-0: Ball 1-0: Ball 2-0: Ball 3-0: Base on Balls
|
Batting: RHB John Aston
|
0-0: Ball 1-0: Called Strike 1-1: Swinging Strike 1-2: Ball 2-2: Strikes out swinging
|
Bottom of the 7th over - 0 run(s), 2 hit(s), 0 error(s), 2 left on base; Vermont 3 - Santa Barbara 5 |
TOP OF THE 8TH |
Vermont Lake Monsters batting - Pitching for Santa Barbara Golden Cranes : RHP Luis Oliva
|
Batting: RHB Carlos Padilla
|
0-0: Ball 1-0: Fly out, F6 (Popup, 6)
|
Batting: LHB Reijiro Sato
|
0-0: Ball 1-0: Ball 2-0: SINGLE (Line Drive, 34D)
|
Pitching: RHP Ramiro Lara
|
|
Batting: RHB Albert Díaz
|
0-0: Hit by Pitch Reijiro Sato to second
|
Pinch Hitting: RHB Júlio Santos
|
0-0: Foul Ball, location: 2F 0-1: 3-RUN HOME RUN (Flyball, 78XD), Distance : 404 ft
|
Batting: RHB Ricardo Pacheco
|
0-0: Ball 1-0: Ball 2-0: Foul Ball, location: 2F 2-1: Ball 3-1: Base on Balls
|
Batting: RHB Keith Fish
|
0-0: Ball 1-0: Grounds into double play, 6-4-3 (Groundball, 6M)
|
Top of the 8th over - 3 run(s), 2 hit(s), 0 error(s), 0 left on base; Vermont 6 - Santa Barbara 5 |
BOTTOM OF THE 8TH |
Santa Barbara Golden Cranes batting - Pitching for Vermont Lake Monsters : RHP Alberto Robles
|
Now at 2B: Dave Burns
|
|
Batting: LHB Marvin von Seydlitz
|
0-0: SINGLE (Flyball, 78M)
|
Batting: RHB José Mata
|
0-0: Bunt missed! 0-1: Sac Bunt - play at first, batter OUT! U3 Marvin von Seydlitz to second
|
Batting: RHB Ángel López
|
0-0: Foul Ball, location: 2F 0-1: Fly out, F4 (Line Drive, 4)
|
Batting: RHB Kyle Dempsey
|
0-0: Ball 1-0: Fly out, F8 (Flyball, 8RM)
|
Bottom of the 8th over - 0 run(s), 1 hit(s), 0 error(s), 1 left on base; Vermont 6 - Santa Barbara 5 |
TOP OF THE 9TH |
Vermont Lake Monsters batting - Pitching for Santa Barbara Golden Cranes : RHP Ramiro Lara
|
Batting: RHB Brent Barlow
|
0-0: Ground out 6-3 (Groundball, 6)
|
Batting: RHB Ray John
|
0-0: Foul Ball, location: 2F 0-1: Ball 1-1: SINGLE (Groundball, 34)
|
Batting: RHB Craig Stewart
|
0-0: Foul Ball, location: 2F 0-1: Ball 1-1: Foul Ball, location: 2F 1-2: Foul Ball, location: 2F 1-2: Foul Ball, location: 2F 1-2: Ball 2-2: Fly out, F8 (Flyball, 8LM)
|
Batting: RHB Carlos Padilla
|
0-0: Ball 1-0: Ground out 5-3 (Groundball, 5)
|
Top of the 9th over - 0 run(s), 1 hit(s), 0 error(s), 1 left on base; Vermont 6 - Santa Barbara 5 |
BOTTOM OF THE 9TH |
Santa Barbara Golden Cranes batting - Pitching for Vermont Lake Monsters : RHP Alberto Robles
|
Pitching: RHP Ed Jacobs
|
|
Now in LF: Tim Hill
|
|
Batting: LHB Sinclair van Kooten
|
0-0: Called Strike 0-1: Foul Ball, location: 2F 0-2: Ball 1-2: Ball 2-2: Fly out, F9 (Flyball, 89M)
|
Batting: LHB Takahiro Harada
|
0-0: Ball 1-0: Foul Ball, location: 2F 1-1: Ball 2-1: Foul Ball, location: 2F 2-2: Ground out 3-1 (Groundball, 34)
|
Batting: SHB Shojiro Kimura
|
0-0: Swinging Strike 0-1: Ground out 5-3 (Groundball, 15S)
|
Bottom of the 9th over - 0 run(s), 0 hit(s), 0 error(s), 0 left on base; Vermont 6 - Santa Barbara 5 |
|